 Dungeon Crawl Stone Soup version 0.21.1-1-g345015f (webtiles) character file.

5917 kae the Cleaver (level 10, 0/90 HPs)
             Began as a Hill Orc Fighter on May 30, 2018.
             Was a Priest of Qazlal.
             Slain by an orc warrior
             ... wielding a +0 spear
              (12 damage)
             ... in a bailey.
             The game lasted 00:09:09 (8925 turns).

kae the Cleaver (Hill Orc Fighter)                  Turns: 8925, Time: 00:09:10

Health: 0/90       AC: 11    Str: 23    XL:     10   Next: 83%
Magic:  16/16      EV: 12    Int:  8    God:    Qazlal [***...]
Gold:   611        SH:  4    Dex: 10    Spells: 9/9 levels left

rFire    . . .     SeeInvis .   L - +2 battleaxe (freeze)
rCold    + . .     Gourm    +   (shield currently unavailable)
rNeg     . . .     Faith    .   b - +0 scale mail
rPois    .         Spirit   .   v - +1 helmet (curse)
rElec    .         Reflect  .   N - scarf {cloud immunity}
rCorr    +         Harm     .   g - +0 pair of gloves
MR       .....                  (no boots)
Stlth    ..........             s - amulet of the gourmand
HPRegen  0.25/turn              H - ring of protection from cold
MPRegen  0.15/turn              r - ring of resist corrosion

@: no status effects
A: no striking features
a: Upheaval, Elemental Force, Renounce Religion


You were in a bailey.
You worshipped Qazlal.
Qazlal was most pleased with you.
You were very full.

You visited 2 branches of the dungeon, and saw 11 of its levels.
You also visited: Bailey.

You collected 652 gold pieces.
You spent 41 gold pieces at shops.

Inventory:

Hand Weapons
 a - a +1 war axe of venom
 L - a +2 battleaxe of freezing (weapon)
Armour
 b - a +0 scale mail (worn)
 c - a +0 shield
 g - a +0 pair of gloves (worn)
 v - a cursed +1 helmet (worn)
 F - a scarf of resistance
 N - a scarf of cloud immunity (worn)
Jewellery
 q - an uncursed ring of stealth
 r - a ring of resist corrosion (right hand)
 s - an amulet of the gourmand (around neck)
 x - a +2 amulet of reflection
 z - an uncursed amulet of magic regeneration
 H - a ring of protection from cold (left hand)
 P - a +4 ring of intelligence
Wands
 j - a wand of flame (23)
 t - a wand of random effects (21)
 C - a wand of digging (16)
 D - a wand of iceblast (20)
 G - a wand of disintegration (15)
Scrolls
 d - 2 scrolls of enchant armour
 i - 2 scrolls of enchant weapon
 l - 2 scrolls of magic mapping
 m - 2 scrolls of teleportation
 n - 5 scrolls of remove curse
 u - 2 scrolls of fog
 y - 2 scrolls of amnesia
 O - a scroll of fear
Potions
 e - 2 potions of haste
 o - 2 potions of flight
 p - 2 potions of lignification
 w - a potion of ambrosia
 A - a potion of resistance
 B - 3 potions of heal wounds
 E - a potion of degeneration
 I - a potion of mutation
Books
 h - a book of Flames

   Spells                             Type                      Level
   a - Flame Tongue                   Conjuration/Fire             1
   b - Throw Flame                    Conjuration/Fire             2
   c - Conjure Flame                  Conjuration/Fire             3
   d - Inner Flame                    Hexes/Fire                   3
   e - Sticky Flame                   Conjuration/Fire             4
   f - Fireball                       Conjuration/Fire             5
Comestibles
 f - 20 rations


   Skills:
 + Level 8.5 Fighting
 * Level 12.0 Axes
 + Level 7.9 Armour
 + Level 5.2 Dodging
 - Level 3.2 Shields
 * Level 8.4 Invocations


You had 9 spell levels left.
You didn't know any spells.

Dungeon Overview and Level Annotations

Branches:
Dungeon (10/15)            Temple (1/1) D:5            Lair (0/6) D:9
    Orc (0/2) D:9

Altars:
Ashenzari
Cheibriados
Dithmenos
Elyvilon
Fedhas
Gozag
Hepliaklqana
Kikubaaqudgha
Makhleb
Nemelex Xobeh
Okawaru
Qazlal
Ru
Sif Muna
Trog
Uskayaw
Vehumet
Wu Jian
Xom
Yredelemnul
Zin
The Shining One

Shops:
D:4 :   D:7 *   D:10 (

Annotations:
D:9 kae's ghost, novice HOFi


Message History

You are too injured to fight recklessly!
You are too injured to fight recklessly!
You are too injured to fight recklessly!
You slice the orc warrior!! You freeze the orc warrior.
You kill the orc warrior!
Qazlal accepts your kill. The orc warrior barely misses you. x2
The orc warrior misses you.
The orc warrior hits you with a glaive!!
You hit the orc warrior but do no damage.
You hit the orc warrior. You freeze the orc warrior.
You block the orc warrior's attack. The orc closely misses you.
You closely miss the orc warrior.
The orc warrior is moderately wounded.
You barely miss the orc.
You hit the orc warrior but do no damage.
The orc warrior hits you with a glaive!!
* * * LOW HITPOINT WARNING * * *
The orc warrior hits you with a spear!
You die...

### ############ .o..
##.%.))...∩.## .....
######...)))......#
......#....#%...)%).....#
.....oooo§o'....)))....∩#
.o....#oo@.#............#


.ooo. ######............# .... ##........∩.## ### ############ You could see 2
orc warriors and 5 orcs.

Vanquished Creatures
  A two-headed ogre (D:10)
  The ghost of poxu the Thaumaturge, a novice DEWz of Vehumet (D:8)
  A komodo dragon (D:9)
  A troll (D:9)
  The ghost of Mesmaeker13 the Firebug, an amateur GrFE (D:3)
  A hungry ghost (D:7)
  Menkaure (D:5)
  Duvessa (D:6)
  6 orc warriors
  A black bear (D:8)
  4 ice beasts
  A phantom (D:7)
  4 ogres
  2 centaurs
  2 big kobolds
  2 bullfrogs
  A gnoll sergeant (D:10)
  A wyvern skeleton (D:10)
  A scorpion (D:4)
  Dowan (D:6)
  4 wights (D:8)
  3 howler monkeys (D:7)
  A crimson imp (D:8)
  A jelly (D:7)
  2 quasits
  3 hounds
  A bullfrog skeleton (D:9)
  2 centaur skeletons
  7 orc priests
  12 orc wizards
  Jessica (D:2)
  2 iguanas
  4 worker ants
  A hound skeleton (D:4)
  A worker ant zombie (D:5)
  14 adders
  3 gnolls (D:10)
  An ooze (D:3)
  An adder zombie (D:5)
  An adder skeleton (D:4)
  5 worms
  4 dart slugs
  6 leopard geckos
  46 orcs
  A ball python (D:4)
  8 giant cockroaches
  6 hobgoblins
  18 jackals
  2 quokkas
  A ball python skeleton (D:4)
  4 bats
  4 frilled lizards
  6 goblins
  A jackal skeleton (D:4)
  16 kobolds
  A leopard gecko skeleton (D:8)
  A quokka skeleton (D:5)
  5 rats
  2 plants (D:9)
236 creatures vanquished.

Vanquished Creatures (others)
  2 plants (D:9)
2 creatures vanquished.

Grand Total: 238 creatures vanquished

Notes
Turn   | Place    | Note
-------+----------+-------------------------------------------
     0 | D:1      | kae the Hill Orc Fighter began the quest for the Orb.
     0 | D:1      | Reached XP level 1. HP: 19/19 MP: 1/1
    60 | D:1      | Reached skill level 3 in Axes
    84 | D:1      | Reached XP level 2. HP: 24/27 MP: 2/2
   143 | D:1      | Found a sparkling altar of Nemelex Xobeh.
   681 | D:2      | Noticed Jessica
   687 | D:2      | Killed Jessica
   687 | D:2      | Reached XP level 3. HP: 33/33 MP: 3/3
   699 | D:2      | Reached skill level 1 in Dodging
   767 | D:2      | Reached skill level 4 in Axes
   858 | D:2      | Reached XP level 4. HP: 35/40 MP: 4/4
  1103 | D:3      | Reached XP level 5. HP: 45/47 MP: 5/5
  1181 | D:3      | Reached skill level 5 in Axes
  1294 | D:3      | Noticed Mesmaeker13's ghost (amateur GrFE)
  1302 | D:3      | Killed Mesmaeker13's ghost
  1302 | D:3      | Reached skill level 5 in Fighting
  1302 | D:3      | Reached skill level 6 in Axes
  1302 | D:3      | Reached XP level 6. HP: 34/56 MP: 6/6
  2004 | D:4      | Reached XP level 7. HP: 45/61 MP: 7/7
  2268 | D:4      | Reached skill level 5 in Armour
  2357 | D:4      | Reached skill level 7 in Axes
  2493 | D:4      | Found a radiant altar of Vehumet.
  2532 | D:4      | Found a glowing golden altar of the Shining One.
  2678 | D:4      | Found Xyrasmeh's Book Shoppe.
  2935 | D:5      | Entered Level 5 of the Dungeon
  3026 | D:5      | Noticed Menkaure
  3032 | D:5      | Killed Menkaure
  3032 | D:5      | Reached XP level 8. HP: 37/70 MP: 8/8
  3343 | D:5      | Found a blossoming altar of Fedhas.
  3344 | D:5      | Found a basalt altar of Yredelemnul.
  3440 | D:5      | Reached skill level 8 in Axes
  3469 | D:5      | Found a staircase to the Ecumenical Temple.
  3481 | Temple   | Entered the Ecumenical Temple
  3705 | Temple   | Became a worshipper of Qazlal Stormbringer
  4093 | D:6      | Noticed Duvessa
  4093 | D:6      | Noticed Dowan
  4099 | D:6      | Killed Dowan
  4117 | D:6      | Killed Duvessa
  4511 | D:6      | Reached skill level 9 in Axes
  4533 | D:6      | Found an ornate altar of the Wu Jian Council.
  4661 | D:6      | Reached * piety under Qazlal
  4669 | D:6      | Reached skill level 1 in Invocations
  5186 | D:7      | Reached XP level 9. HP: 75/78 MP: 10/10
  5586 | D:7      | Found Ticen's Assorted Antiques.
  5588 | D:7      | Bought a scroll labeled XEECEN IHAD for 22 gold pieces
  5588 | D:7      | Bought a lumpy brown potion for 19 gold pieces
  5695 | D:8      | Noticed poxu's ghost (novice DEWz)
  6238 | D:8      | Reached skill level 10 in Axes
  6243 | D:8      | Killed poxu's ghost
  6243 | D:8      | Reached skill level 5 in Invocations
  6596 | D:8      | Reached XP level 10. HP: 82/88 MP: 14/14
  6918 | D:8      | Found a snail-covered altar of Cheibriados.
  7066 | D:9      | Reached ** piety under Qazlal
  7171 | D:9      | Reached skill level 11 in Axes
  7328 | D:9      | Found a staircase to the Orcish Mines.
  7406 | D:9      | Noticed kae's ghost (novice HOFi)
  8014 | D:9      | Found a staircase to the Lair.
  8317 | D:10     | Entered Level 10 of the Dungeon
  8487 | D:10     | Reached skill level 5 in Dodging
  8559 | D:10     | Found Umacumea's Weapon Shop.
  8581 | D:10     | Reached *** piety under Qazlal
  8587 | D:10     | Noticed a two-headed ogre
  8593 | D:10     | Killed a two-headed ogre
  8732 | D:10     | Found a flagged portal.
  8755 | Bailey   | Entered a bailey
  8918 | Bailey   | Reached skill level 12 in Axes
  8925 | Bailey   | Slain by an orc warrior

Skill      XL: |  1  2  3  4  5  6  7  8  9 10 |
---------------+-------------------------------+-----
Axes           | 3 4 6 7 9 10 12 | 12.0
Fighting       | 4 5 6 7 8 |  8.5
Dodging        | 1 2 3 4 5 |  5.2
Armour         | 4 5 6 7 |  7.9
Invocations    | 2 6 8 |  8.4
Shields        | |  3.2

Action                   |  1- 3 |  4- 6 |  7- 9 | 10-12 || total
-------------------------+-------+-------+-------+-------++-------
Melee: War axe           |    79 |   119 |   404 |    23 ||   625
       Battleaxe         |       |       |       |   132 ||   132
Evoke: Wand              |       |       |       |     4 ||     4
  Use: Scroll            |     3 |     2 |    11 |     7 ||    23
       Potion            |       |     1 |     4 |       ||     5
 Stab: Invisible         |       |       |     3 |       ||     3
  Eat: Chunk             |       |     9 |    19 |     9 ||    37
       Ration            |       |       |     2 |       ||     2
Armor: Scale mail        |    39 |    58 |   159 |    78 ||   334
Dodge: Dodged            |    24 |    30 |   117 |   134 ||   305
Block: Shield            |    44 |    56 |   180 |     8 ||   288
       Other             |       |       |       |    27 ||    27
